 Dungeon Crawl Stone Soup version 0.21.1-1-g345015f (webtiles) character file.

36548 garbagetei the Eclecticist (level 13, -7/76 HPs)
             Began as a Deep Elf Earth Elementalist on Feb 6, 2018.
             Was a High Priest of Vehumet.
             Mangled by a six-headed hydra (14 damage)
             ... on level 6 of the Lair of Beasts.
             The game lasted 01:16:40 (24186 turns).

garbagetei the Eclecticist (DEEE)                  Turns: 24186, Time: 01:16:41

Health: -7/76      AC:  4    Str:  5    XL:     13   Next: 53%
Magic:  13/34      EV: 19    Int: 30    God:    Vehumet [*****.]
Gold:   411        SH:  0    Dex: 15    Spells: 10/42 levels left

rFire    . . .     SeeInvis .   u - +6 spear (venom)
rCold    . . .     Gourm    .   (no shield)
rNeg     . . .     Faith    +   v - +0 robe {MR+}
rPois    +         Spirit   .   c - +0 helmet
rElec    .         Reflect  .   (no cloak)
rCorr    .         Harm     .   (no gloves)
MR       +++..                  M - +0 pair of boots
Stlth    ++........             I - amulet of faith
HPRegen  0.22/turn              T - ring of poison resistance
MPRegen  0.24/turn              U - ring of protection from magic

@: invisible
A: clever 2
a: Renounce Religion


You were on level 6 of the Lair of Beasts.
You worshipped Vehumet.
Vehumet was extremely pleased with you.
You were not hungry.

You visited 2 branches of the dungeon, and saw 16 of its levels.

You collected 819 gold pieces.
You spent 408 gold pieces at shops.

Inventory:

Hand Weapons
 f - a +0 club
 s - a +0 blowgun
 u - a +6 spear of venom (weapon)
Missiles
 p - 228 stones (quivered)
 t - 35 poisoned needles
Armour
 c - a +0 helmet (worn)
 r - a +1 robe of cold resistance
 v - a +0 robe of magic resistance (worn)
 M - a +0 pair of boots (worn)
Jewellery
 k - an uncursed ring of fire
 C - a +2 amulet of reflection
 I - an amulet of faith (around neck)
 L - an uncursed ring of ice
 R - an uncursed ring of wizardry
 S - an uncursed ring of flight
 T - a ring of poison resistance (left hand)
 U - a ring of protection from magic (right hand)
 Z - a +3 ring of evasion
Wands
 n - a wand of iceblast (18)
 o - a wand of disintegration (13)
 A - a wand of acid (11)
 B - a wand of random effects (94)
 J - a wand of enslavement (9)
 N - a wand of digging (15)
 O - a wand of clouds (3)
 P - a wand of paralysis (16)
Scrolls
 b - 3 scrolls of magic mapping
 g - 2 scrolls of fog
 h - 3 scrolls of enchant armour
 i - 9 scrolls of teleportation
 w - 8 scrolls of amnesia
 x - 6 scrolls of remove curse
 y - 5 scrolls of enchant weapon
 z - a scroll of fear
 F - a scroll of immolation
Potions
 a - 2 potions of resistance
 j - a potion of invisibility
 l - a potion of might
 m - a potion of haste
 q - 3 potions of brilliance
 D - 4 potions of curing
 H - 2 potions of flight
 K - 2 potions of berserk rage
 Q - a potion of ambrosia
 V - a potion of agility
 W - 3 potions of heal wounds
 Y - a potion of magic
Books
 e - a book of Geomancy

   Spells                             Type                      Level
   a - Sandblast                      Earth                        1
   b - Passwall                       Transmutation/Earth          2
   c - Stone Arrow                    Conjuration/Earth            3
   d - Petrify                        Transmutation/Earth          4
   e - Lee's Rapid Deconstruction     Earth                        5
 E - a book of Callings

   Spells                             Type                      Level
   a - Summon Small Mammal            Summoning                    1
   b - Call Imp                       Summoning                    2
   c - Call Canine Familiar           Summoning                    3
   d - Summon Guardian Golem          Hexes/Summoning              3
   e - Summon Lightning Spire         Summoning/Air                4
   f - Summon Ice Beast               Ice/Summoning                4
 X - a book of Ice

   Spells                             Type                      Level
   a - Ice Form                       Ice/Transmutation            4
   b - Metabolic Englaciation         Hexes/Ice                    5
   c - Ozocubu's Refrigeration        Ice                          6
   d - Bolt of Cold                   Conjuration/Ice              6
   e - Freezing Cloud                 Conjuration/Ice/Air          6
   f - Simulacrum                     Ice/Necromancy               6
Comestibles
 d - 23 rations
 G - 4 chunks of flesh


   Skills:
 + Level 6.9 Fighting
 + Level 10.4 Dodging
 - Level 2.4 Stealth
 * Level 15.0 Spellcasting
 + Level 8.5 Conjurations
 - Level 1.1 Transmutations
 + Level 4.6 Ice Magic
 * Level 13.1 Earth Magic
 + Level 8.3 Evocations


You had 10 spell levels left.
You knew the following spells:

 Your Spells              Type           Power        Failure   Level  Hunger
a - Sandblast             Erth           ######       0%          1    None
b - Passwall              Tmut/Erth      ######....   1%          2    None
c - Stone Arrow           Conj/Erth      ######       1%          3    None
d - Lee's Rapid Deconstr  Erth           #######...   1%          5    None
e - Petrify               Tmut/Erth      ######..     1%          4    None
f - Mephitic Cloud        Conj/Pois/Air  #####...     1%          3    None
g - Fulminant Prism       Conj/Hex       #####.....   1%          4    None
h - Summon Lightning Spi  Summ/Air       ###.....     21%         4    None
i - Freezing Cloud        Conj/Ice/Air   #####.....   13%         6    ###....


Dungeon Overview and Level Annotations

Branches:
Dungeon (10/15)              Lair (6/6) D:8          Shoals (0/4) Lair:3
 Spider (0/4) Lair:4        Slime (0/5) Lair:5
 Temple: D:4-7          Orc: D:9-12

Altars:
Elyvilon
Gozag
Trog
Vehumet
Yredelemnul
Jiyva

Shops:
D:5 }   D:8 ?   D:10 (*

Annotations:
D:5 Zhenya24pyc's ghost, novice GrFi
D:7 Monsterracer's ghost, novice GnAM
D:10 Joseph
Lair:5 1 runed door


Innate Abilities, Weirdness & Mutations

Your mind is very acute. (Int +4)


Message History

Confirm with . or Enter, or press ? or * to list all spells.
Aiming: Petrify
Press: ? - help, Shift-Dir - straight line, f/p - six-headed hydra
Aim: a six-headed hydra (chance to defeat MR: 43%)
The six-headed hydra resists with some effort.
The six-headed hydra barely misses you. The six-headed hydra bites you!
The six-headed hydra barely misses you. The six-headed hydra bites you!
The six-headed hydra misses you. The six-headed hydra bites you!
* * * LOW HITPOINT WARNING * * *
Okay, then.
Press: ? - help, v - describe, . - travel, g - get item
Here: a six-headed hydra A crocodile corpse.
The floor.
You fade into invisibility!
The six-headed hydra closely misses you.
The six-headed hydra bites you!
* * * LOW HITPOINT WARNING * * *
The six-headed hydra bites you!
You die...

............#
#P..........##
#...........##
............#
#..........#
#.†....%...#
#..†D.......
#.P.@.......
#...††......
#.........#.
#.........#
#.........##
#.........P#
............S
............P.


You could see a six-headed hydra and a water moccasin (wandering).

Vanquished Creatures
  Fannar (Lair:3)
  Josephine (Lair:5)
  Erolcha (D:9)
  3 hydras
  Harold (Lair:2)
  Erica (D:10)
  A two-headed ogre (D:10)
  Urug (D:10)
  An unseen horror (D:10)
  Pikel (D:9)
  A manticore (Lair:3)
  5 elephants
  2 black mambas
  10 spiny frogs
  2 rime drakes
  3 komodo dragons
  A polar bear (Lair:2)
  A troll (D:9)
  A hornet (Lair:3)
  10 hippogriffs
  10 blink frogs
  8 dream sheep
  4 wraiths (Lair:5)
  A wyvern (D:8)
  3 spriggans
  35 yaks
  A basilisk (Lair:1)
  6 swamp worms (Lair:1)
  13 water moccasins
  4 porcupines
  2 orc warriors
  2 sky beasts
  3 slaves (D:9)
  The ghost of Patate the Skirmisher, an amateur HOFi (D:3)
  A necrophage (D:6)
  2 black bears
  A phantom (D:9)
  4 ogres
  6 centaurs
  9 crocodiles
  19 wolves
  A gnoll sergeant (D:9)
  22 bullfrogs
  A wyvern zombie (D:8)
  4 scorpions
  3 killer bees (D:10)
  4 howler monkeys
  A vampire bat (Lair:5)
  4 wights (D:7)
  4 electric eels (Lair:3)
  3 crimson imps
  A centaur zombie (D:10)
  2 jellies
  5 orc wizards
  6 orc priests
  4 hounds
  A centaur skeleton (D:4)
  5 iguanas
  Jessica (D:3)
  8 worker ants
  A killer bee zombie (D:9)
  A hound zombie (D:10)
  2 hound skeletons
  A worker ant zombie (D:9)
  Robin (D:3)
  7 gnolls
  15 adders
  3 shadow imps
  17 worms
  A dart slug (D:1)
  3 leopard geckos
  28 orcs
  A ball python (D:5)
  7 giant cockroaches
  24 goblins
  5 hobgoblins
  19 jackals
  A quokka (D:10)
  13 bats
  9 frilled lizards
  12 kobolds
  A leopard gecko skeleton (D:6)
  A quokka skeleton (D:9)
  A quokka zombie (D:5)
  7 rats
  3 fulminant prisms (Lair:1)
  5 fungi
  5 plants
457 creatures vanquished.

Vanquished Creatures (collateral kills)
  A fungus (Lair:2)
1 creature vanquished.

Vanquished Creatures (others)
  An orc wizard (D:4)
  A goblin (D:3)
  A hobgoblin (D:3)
  80 fulminant prisms
  7 fungi
  23 plants
113 creatures vanquished.

Grand Total: 571 creatures vanquished

Notes
Turn   | Place    | Note
-------+----------+-------------------------------------------
     0 | D:1      | garbagetei the Deep Elf Earth Elementalist began the quest for the Orb.
     0 | D:1      | Reached XP level 1. HP: 10/10 MP: 6/6
   408 | D:1      | Reached XP level 2. HP: 15/15 MP: 6/8
   861 | D:1      | Reached XP level 3. HP: 19/20 MP: 1/10
   897 | D:1      | Found a bloodstained altar of Trog.
  1191 | D:2      | Learned a level 2 spell: Passwall
  1281 | D:2      | Learned a level 3 spell: Stone Arrow
  1401 | D:2      | Reached skill level 4 in Spellcasting
  1621 | D:2      | Reached XP level 4. HP: 9/24 MP: 0/12
  1983 | D:2      | Reached skill level 1 in Fighting
  3116 | D:3      | Reached XP level 5. HP: 20/29 MP: 5/13
  3585 | D:3      | Noticed Patate's ghost (amateur HOFi)
  3617 | D:4      | Noticed an ogre
  3653 | D:4      | Reached skill level 5 in Spellcasting
  3792 | D:4      | Reached skill level 5 in Earth Magic
  3792 | D:4      | Reached XP level 6. HP: 18/34 MP: 0/16
  4066 | D:3      | Noticed Jessica
  4070 | D:3      | Killed Jessica
  4229 | D:3      | Noticed Robin
  4291 | D:3      | Killed Robin
  4486 | D:3      | Found a radiant altar of Vehumet.
  4589 | D:3      | Became a worshipper of Vehumet
  4748 | D:3      | Killed Patate's ghost
  4884 | D:3      | Reached skill level 6 in Spellcasting
  5515 | D:4      | Reached XP level 7. HP: 40/40 MP: 11/18
  5712 | D:5      | Entered Level 5 of the Dungeon
  5831 | D:5      | Noticed Zhenya24pyc's ghost (novice GrFi)
  5841 | D:4      | Learned a level 5 spell: Lee's Rapid Deconstruction
  6022 | D:5      | Found Cenleyx's Gadget Boutique.
  6241 | D:5      | Reached * piety under Vehumet
  6241 | D:5      | Offered knowledge of Shock by Vehumet.
  6261 | D:5      | Found an opulent altar of Gozag.
  6367 | D:5      | Reached skill level 7 in Spellcasting
  6488 | D:6      | Reached skill level 5 in Dodging
  6798 | D:6      | Reached skill level 1 in Conjurations
  6798 | D:6      | Reached skill level 1 in Evocations
  6798 | D:6      | Reached XP level 8. HP: 45/45 MP: 3/21
  7311 | D:6      | Gained mutation: Your mind is acute. (Int +2) [potion of mutation]
  7311 | D:6      | Gained mutation: Your mind is very acute. (Int +4) [potion of mutation]
  7317 | D:6      | Learned a level 4 spell: Petrify
  7563 | D:7      | Reached skill level 8 in Spellcasting
  7617 | D:7      | Noticed Monsterracer's ghost (novice GnAM)
  8134 | D:7      | Reached ** piety under Vehumet
  8134 | D:7      | Offered knowledge of Throw Flame by Vehumet.
  8337 | D:7      | Reached XP level 9. HP: 51/51 MP: 17/23
  8349 | D:7      | Reached skill level 9 in Spellcasting
  9329 | D:8      | Offered knowledge of Mephitic Cloud by Vehumet.
  9348 | D:8      | Learned a level 3 spell: Mephitic Cloud
  9585 | D:8      | Reached skill level 10 in Spellcasting
  9991 | D:8      | Found Yxtegocs's Magic Scroll Shop.
  9997 | D:8      | Bought a scroll of amnesia for 42 gold pieces
  9997 | D:8      | Bought a scroll of enchant weapon for 90 gold pieces
 10118 | D:8      | Found a staircase to the Lair.
 10236 | Lair:1   | Entered Level 1 of the Lair of Beasts
 10261 | Lair:1   | Reached *** piety under Vehumet
 10261 | Lair:1   | Reached XP level 10. HP: 52/56 MP: 18/26
 10569 | Lair:1   | Offered knowledge of Fulminant Prism by Vehumet.
 10604 | Lair:1   | Learned a level 4 spell: Fulminant Prism
 10757 | Lair:1   | Reached skill level 11 in Spellcasting
 10790 | Lair:1   | Found a basalt altar of Yredelemnul.
 10809 | Lair:1   | Reached skill level 5 in Conjurations
 11200 | D:9      | Reached skill level 5 in Evocations
 11305 | D:9      | Reached skill level 10 in Earth Magic
 11417 | D:9      | Noticed Pikel
 11428 | D:9      | Killed Pikel
 11574 | D:9      | Reached XP level 11. HP: 62/62 MP: 6/28
 11574 | D:9      | Reached **** piety under Vehumet
 11587 | D:8      | Reached skill level 5 in Fighting
 11924 | D:9      | Offered knowledge of Inner Flame by Vehumet.
 12405 | D:9      | Noticed Erolcha
 12532 | D:9      | Killed Erolcha
 12532 | D:9      | Reached skill level 12 in Spellcasting
 12884 | D:10     | Entered Level 10 of the Dungeon
 12966 | D:10     | Killed an unseen horror
 13305 | D:10     | Found Huosar's General Store.
 13309 | D:10     | Bought an uncursed ring of poison resistance for 240 gold pieces
 13309 | D:10     | Bought a potion of curing for 36 gold pieces
 13345 | D:10     | Noticed a two-headed ogre
 13359 | D:10     | Killed a two-headed ogre
 13509 | D:10     | Noticed Joseph
 13641 | D:10     | Noticed an orc knight
 13698 | D:10     | Found Zoampum's Weapon Emporium.
 13726 | D:10     | Noticed Erica
 13731 | D:10     | Killed Erica
 13732 | D:10     | Noticed Urug
 13738 | D:10     | Killed Urug
 13781 | D:10     | Noticed an orc knight
 14259 | D:8      | Learned a level 4 spell: Summon Lightning Spire
 14292 | D:8      | Reached skill level 13 in Spellcasting
 15158 | Lair:1   | Reached ***** piety under Vehumet
 15199 | Lair:1   | Reached XP level 12. HP: 33/69 MP: 23/31
 15229 | Lair:1   | Offered knowledge of Iskenderun's Mystic Blast by Vehumet.
 15741 | Lair:2   | Learned a level 6 spell: Freezing Cloud
 15749 | Lair:2   | Noticed Harold
 15760 | Lair:2   | Killed Harold
 16129 | Lair:2   | Reached skill level 1 in Ice Magic
 16203 | Lair:2   | Noticed a five-headed hydra
 16211 | Lair:2   | Killed a five-headed hydra
 17112 | Lair:3   | Found a white marble altar of Elyvilon.
 18610 | Lair:3   | Noticed Fannar
 18799 | Lair:3   | Reached skill level 14 in Spellcasting
 18946 | Lair:3   | Killed Fannar
 19357 | Lair:3   | Found a staircase to the Shoals.
 19781 | Lair:4   | Noticed a seven-headed hydra
 19787 | Lair:4   | Killed a seven-headed hydra
 20091 | Lair:3   | Paralysed by a hornet for 2 turns
 20376 | Lair:4   | Reached XP level 13. HP: 69/75 MP: 27/33
 20752 | Lair:4   | Reached skill level 10 in Dodging
 21660 | Lair:4   | Found a hole to the Spider Nest.
 22312 | Lair:5   | Found a runed door.
 22312 | Lair:5   | Found a viscous altar of Jiyva.
 22323 | Lair:5   | Found a staircase to the Slime Pits.
 22863 | Lair:5   | Noticed Josephine
 23092 | Lair:5   | Killed Josephine
 23619 | Lair:6   | Entered Level 6 of the Lair of Beasts
 23986 | Lair:6   | Reached skill level 15 in Spellcasting
 24186 | Lair:6   | Mangled by a six-headed hydra

Skill      XL: |  1  2  3  4  5  6  7  8  9 10 11 12 13 |
---------------+----------------------------------------+-----
Dodging        | 3 4 5 6 7 8 9 10 | 10.4
Earth Magic    | 4 5 6 7 9 10 11 12 13 | 13.1
Spellcasting   | 4 5 6 7 8 10 11 13 14 15 | 15.0
Fighting       | 1 2 3 4 5 6 |  6.9
Conjurations   | 1 2 4 5 6 7 8 |  8.5
Evocations     | 1 2 4 5 6 7 8 |  8.3
Ice Magic      | 3 4 |  4.6
Stealth        | |  2.4
Transmutations | |  1.1

Action                   |  1- 3 |  4- 6 |  7- 9 | 10-12 | 13-15 || total
-------------------------+-------+-------+-------+-------+-------++-------
Melee: Unarmed           |     4 |       |       |       |       ||     4
       Club              |    44 |    75 |       |       |       ||   119
       Spear             |       |    12 |    84 |    98 |    19 ||   213
 Fire: Blowgun           |       |    24 |       |       |       ||    24
 Cast: Sandblast         |    34 |     9 |    34 |   106 |    39 ||   222
       Stone Arrow       |     8 |    77 |   112 |   177 |    97 ||   471
       Lee's Rapid Decon |       |       |     4 |    16 |     8 ||    28
       Petrify           |       |       |     2 |    14 |     5 ||    21
       Fulminant Prism   |       |       |       |    69 |    15 ||    84
       Mephitic Cloud    |       |       |       |     6 |     1 ||     7
       Freezing Cloud    |       |       |       |     1 |       ||     1
       Summon Lightning  |       |       |       |     1 |       ||     1
Evoke: Wand              |       |       |       |       |     1 ||     1
  Use: Scroll            |       |     4 |     7 |     8 |     2 ||    21
       Potion            |       |     2 |     2 |     3 |     2 ||     9
 Stab: Sleeping          |     3 |     2 |     4 |       |       ||     9
       Petrified         |       |       |       |     3 |       ||     3
  Eat: Chunk             |     3 |    12 |    15 |    24 |    13 ||    67
       Ration            |       |     1 |       |     2 |       ||     3
Armor: Robe              |     8 |    22 |    10 |    27 |     9 ||    76
Dodge: Dodged            |    49 |    90 |    87 |   240 |    81 ||   547
Block: Other             |       |       |     9 |    15 |       ||    24
